 Dungeon Crawl Stone Soup version 0.30.1-11-g7821555f0a (webtiles) character file.

Game seed: 18145140883074960188

2 grzelo the Chopper (level 1, 0/20 HPs)
             Began as a Minotaur Berserker on Nov 25, 2023.
             Was a Follower of Trog.
             Slain by a jackal (3 damage)
             ... on level 1 of the Dungeon.
             The game lasted 00:02:14 (180 turns).

grzelo the Chopper (Minotaur Berserker)              Turns: 180, Time: 00:02:15

Health: 0/20       AC:  2    Str: 21    XL:     1   Next: 25%
Magic:  0/0        EV: 12    Int:  4    God:    Trog [*.....]
Gold:   3          SH:  0    Dex:  9    Spells: 0/0 levels left

rFire   . . .        a - +0 hand axe
rCold   . . .        (no shield)
rNeg    . . .        b - +0 animal skin
rPois   .            (helmet restricted)
rElec   .            (no cloak)
rCorr   .            (no gloves)
SInv    .            (no boots)
Will    .....        (no amulet)
Stlth   +            (no ring)
HPRegen 0.23/turn    (no ring)
MPRegen 0.07/turn

%: no passive effects
@: no status effects
A: horns 2, retaliatory headbutt
a: Renounce Religion, Berserk


You were on level 1 of the Dungeon.
You worshipped Trog.
Trog was aware of your devotion.
You visited 1 branch of the dungeon, and saw 1 of its levels.

You collected 3 gold pieces.

Inventory:

Hand Weapons
 a - a +0 hand axe (weapon)
 d - a +0 dagger
Armour
 b - a +0 animal skin (worn)
 e - a +0 robe
Scrolls
 c - a scroll of acquirement {unknown}


   Skills:
 + Level 3.7 Fighting
 + Level 3.7 Axes
 + Level 2.4 Armour
 + Level 2.2 Dodging


You couldn't memorise any spells.
You didn't know any spells.
Your spell library was empty.

Dungeon Overview and Level Annotations

Branches:
Dungeon (1/15)

Altars:


Innate Abilities, Weirdness & Mutations

You have a pair of horns on your head.
You reflexively headbutt those who attack you in melee.


Message History

The jackal moves out of view.
The jackal barks!
A jackal comes into view.
The jackal moves out of view.
A giant cockroach comes into view.
The hobgoblin hits you but does no damage.
There are monsters nearby!
The hobgoblin hits you.
You closely miss the hobgoblin.
A jackal comes into view.
The hobgoblin hits you.
You closely miss the hobgoblin.
The jackal barks!
The hobgoblin barely misses you. The jackal closely misses you.
You hit the hobgoblin but do no damage. Your headbutt misses the hobgoblin.
You barely miss the jackal. The jackal completely misses you.
The hobgoblin hits you. The jackal attacks as you move away!
The jackal misses you. The hobgoblin misses you. You furiously retaliate!
You headbutt the hobgoblin. The jackal barely misses you.
The hobgoblin attacks as you move away! The hobgoblin hits you.
The giant cockroach waves its antennae.
The hobgoblin attacks as you move away!
The hobgoblin hits you but does no damage.
The jackal closely misses you. The jackal attacks as you move away!
The jackal bites you. The jackal attacks as you move away!
The jackal bites you. The hobgoblin hits you.
* * * LOW HITPOINT WARNING * * *
The jackal barely misses you. The jackal closely misses you.
The jackal bites you.
* * * LOW HITPOINT WARNING * * *
The jackal bites you.
* * * LOW HITPOINT WARNING * * *
The jackal barely misses you. The jackal attacks as you move away!
The jackal closely misses you. The jackal barely misses you.
You furiously retaliate!
You headbutt the jackal, but do no damage.
The jackal attacks as you move away! The jackal bites you.
You die...

#> ######..#
#†###..### #.
#..# #.# ##.#
#.#######..#
#.####'### #
#..........#
#.#.......
#..#...#####..#
#.#.8.8.8.
#.......# #..#
#.#.......
#..#.#..# #..#
#.+.8.<.8.
#..###.g####..#
#.#.......
#......hh@....#
#.#.8.8.8.
##.###..h.....#
#.......
#.###.B#####....
####+###
#............###
#####..######
#..# ####..#
#.....# #...#..#


You could see 3 jackals, a giant cockroach and a hobgoblin.

Vanquished Creatures
  A goblin (D:1)
  A ball python (D:1)
2 creatures vanquished.

Notes
Turn   | Place    | Note
-------+----------+-------------------------------------------
     0 | D:1      | grzelo the Minotaur Berserker began the quest for the Orb.
     0 | D:1      | Reached XP level 1. HP: 19/19 MP: 0/0
   180 | D:1      | Slain by a jackal

Illustrated notes

Levels and vault maps discovered:
D:1:      doesnt_arrival_eight_statues, layout_loops_ring

Action                     || total
---------------------------++-------
  Melee: Hand axe          ||     6
         Headbutt          ||     1
 Armour: Animal skin       ||     2
  Dodge: Dodged            ||    15
